[Event "Early-Titled-Tuesday-Blitz-April-16-2024"]
[Site "Chess.com"]
[Date "2024.04.16"]
[Round "2"]
[White "Devil_Sun"]
[Black "LevonAronian"]
[Result "0-1"]
[WhiteElo "2640"]
[BlackElo "3079"]
[TimeControl "180+1"]
[EndTime "8:16:36 PDT"]
[Termination "LevonAronian won by resignation"]

1. d4 Nf6 2. c4 g6 3. Nc3 Bg7 4. e4 d6 5. Nf3 O-O 6. Be2 c5 7.
d5 a6 8. O-O e5 9. dxe6 Bxe6 10.
Bg5 h6 11. Bf4 Ne8 12. Qd2 g5 13. Bg3 Nc6 14. Rfd1 Qf6 15. Nd5 Bxd5 16. cxd5 Nd4 17. Nxd4 Qxd4 18. Qc2 Qb4 19. Rab1 Rc8 20. a3 Qa5 21.
Bg4 Rc7 22. e5 Bxe5 23. Bxe5 dxe5 24. d6 Rc6 25. Qf5 c4 26. d7 Ng7 27. Qf3 f5 28.
Bxf5 Nxf5 29. Qxf5 Rxf5 30. d8=Q+ Qxd8 31. Rxd8+ Rf8 32. Rd7 Rf7 33. Rd8+ Kg7 34. Re8 Kf6 35. Re1 Re7 36. Rxe7 Kxe7 37. Rxe5+ Re6 38. Rxe6+ Kxe6 39. Kf1 Kd5 40.
Ke2 Kd4 41. Kd2 b5 42. g3 g4 43. Kc2 a5 44. Kd2 b4 45. axb4 axb4 46. Ke2 Ke4 47. Kd2 Kf3 48. Ke1 h5 49. Kf1 c3 0-1

[Event "Early-Titled-Tuesday-Blitz-April-16-2024"]
[Site "Chess.com"]
[Date "2024.04.16"]
[Round "2"]
[White "ragnaroek66"]
[Black "schachlana"]
[Result "1-0"]
[WhiteElo "2509"]
[BlackElo "2265"]
[TimeControl "180+1"]
[EndTime "8:16:36 PDT"]
[Termination "ragnaroek66 won by resignation"]

1. d4 Nf6 2. c4 g6 3. Nc3 d6 4. e4 Bg7 5. f3 O-O 6. Be3 c5 7. Nge2 Nc6 8. d5 Ne5 9. Ng3 a6 10. a4 e6 11. Be2 exd5 12. cxd5 Rb8 13. h3 b5 14. axb5 axb5 15. Nxb5 c4 16. Nd4 Rxb2 17. f4 Nd3+ 18. Bxd3 cxd3 19. Nc6 Qe8 20. Qxd3 Rxg2 21. Bf2 Nxe4 22. Qxe4 Qxe4+ 23. Nxe4 Bxa1 24. Kf1 Bf5 25. Nxd6 Bxh3 26. Rxh3 Rg4 27. f5 Rd8 28. Nxd8 1-0

[Event "Early-Titled-Tuesday-Blitz-April-16-2024"]
[Site "Chess.com"]
[Date "2024.04.16"]
[Round "2"]
[White "Savagelittlemole"]
[Black "AlivodicDario"]
[Result "1-0"]
[WhiteElo "2521"]
[BlackElo "2292"]
[TimeControl "180+1"]
[EndTime "8:16:39 PDT"]
[Termination "Savagelittlemole won on time"]

1. d4 d5 2. Bf4 e6 3. Nf3 Bd6 4. Bxd6 Qxd6 5. g3 b6 6. Bg2 Bb7 7.
O-O Nd7 8. Nbd2 Ngf6 9. c4 c5 10. cxd5 Bxd5 11. dxc5 Nxc5 12. e4 Nfxe4 13. Nxe4 Nxe4 14.
Re1 Qe7 15. Ne5 Nf6 16. Bxd5 Nxd5 17. Qa4+ Kf8 18. Rad1 g6 19. Nd7+ Kg7 20. Rxd5 Rad8 21. Rdd1 f6 22. Qxa7 Rhe8 23. Qa4 Ra8 24. Qc6 Rac8 25.
Qxb6 Red8 26. Rxe6 Qf7 27. Rxf6 Qxa2 28. Qd4 Kg8 29. Rd6 1-0

[Event "Early-Titled-Tuesday-Blitz-April-16-2024"]
[Site "Chess.com"]
[Date "2024.04.16"]
[Round "2"]
[White "PLAYER_2006_M"]
[Black "Shahdad2007"]
[Result "1-0"]
[WhiteElo "2981"]
[BlackElo "2612"]
[TimeControl "180+1"]
[EndTime "8:16:40 PDT"]
[Termination "PLAYER_2006_M won by checkmate"]

1. e4 c5 2. Nf3 e6 3. c3 d5 4.
exd5 Qxd5 5. d4 Nf6 6. Na3 cxd4 7. Nb5 Qd8 8. Qxd4 Bd7 9. Bf4 Na6 10. Nd6+ Bxd6 11.
Bxd6 Bc6 12. Ne5 Nc7 13. O-O-O Ncd5 14. Ba3 Qc7 15. Be2 O-O-O 16. Nxc6 bxc6 17. g3 e5 18. Qa4 Nb6 19. Qc2 Kb8 20. Bc5 Rxd1+ 21. Rxd1 Rd8 22. c4 Rxd1+ 23. Qxd1 Kb7 24. Bd6 Qd7 25.
Bxe5 Qf5 26. f4 g5 27. Qd6 Nfd7 28. Qc7+ Ka8 29. Qxc6# 1-0

[Event "Early-Titled-Tuesday-Blitz-April-16-2024"]
[Site "Chess.com"]
[Date "2024.04.16"]
[Round "2"]
[White "vedantgoswami"]
[Black "Zavgorodniy_Sergiy"]
[Result "1/2-1/2"]
[WhiteElo "2345"]
[BlackElo "2610"]
[TimeControl "180+1"]
[EndTime "8:16:40 PDT"]
[Termination "Game drawn by repetition"]

1. d4 d5 2. Bf4 Nf6 3. e3 e6 4.
Nf3 c5 5. c3 Bd6 6. Bd3 Qc7 7.
Bxd6 Qxd6 8. Ne5 O-O 9. f4 b6 10. Nd2 Ba6 11. Bxa6 Nxa6 12. O-O Nc7 13. Rf3 Nce8 14.
Rh3 Qe7 15. Qf3 Nd6 16. g4 Nfe4 17. Nxe4 Nxe4 18. g5 g6 19. Rh6 Nxg5 20. Qg4 Ne4 21. Rf1 f5 22. Qg2 Rf6 23. Rf3 Qg7 24. Rfh3 Re8 25.
Kf1 Re7 26. Ke2 c4 27. Nf3 b5 28. a3 a5 29. Ne5 a4 30. Kd1 Qf8 31. Nf3 Rg7 32.
Ng5 Nxg5 33. Qxg5 Rff7 34. Ke2 Qe7 35. Kf3 Qxg5 36. fxg5 Re7 37. Kf4 Rd7 38. Ke5 Rge7 39. Rf3 Kg7 40. Rhh3 Re8 41. Rh6 Ree7 42. Rfh3 Kg8 43.
Rf3 Kg7 1/2-1/2

[Event "Early-Titled-Tuesday-Blitz-April-16-2024"]
[Site "Chess.com"]
[Date "2024.04.16"]
[Round "2"]
[White "stratacticos"]
[Black "Der_Balak_3Halak"]
[Result "0-1"]
[WhiteElo "1879"]
[BlackElo "2427"]
[TimeControl "180+1"]
[EndTime "8:16:41 PDT"]
[Termination "Der_Balak_3Halak won on time"]

1. b4 a5 2. b5 c6 3. a4 cxb5 4. axb5 b6 5. g3 Bb7 6. Nf3 e5 7. Bg2 Bc5 8. O-O d6 9. Bb2 Nf6 10. e3 e4 11. Ng5 O-O 12. Nc3 d5 13. Ne2 Qe7 14. Nf4 h6 15. Ngh3 Nbd7 16. Nh5 Nxh5 17. Qxh5 Nf6 18. Qh4 a4 19. Bxf6 Qxf6 20. Qxf6 gxf6 21.
Nf4 a3 22. d3 f5 23. Rfc1 a2 24. d4 Ba3 25. Ne2 Bb2 26. Kf1 Ra5 27. Ke1 Rc8 28. Kd2 Kf8 29. Bf1 Ke7 30. c3 Rca8 31. Kc2 Bxa1 32.
Rxa1 Rxb5 33. Nc1 Rba5 0-1

[Event "Early-Titled-Tuesday-Blitz-April-16-2024"]
[Site "Chess.com"]
[Date "2024.04.16"]
[Round "2"]
[White "Zhigalko_Sergei"]
[Black "theoneandonlydaaevik"]
[Result "1-0"]
[WhiteElo "2894"]
[BlackElo "2590"]
[TimeControl "180+1"]
[EndTime "8:16:42 PDT"]
[Termination "Zhigalko_Sergei won by resignation"]

1. e4 c5 2. Nf3 e6 3. c3 d5 4. e5 d4 5. Bd3 Bd7 6. O-O Bc6 7. Na3 Be7 8. Qe2 Nh6 9. Be4 Bxe4 10. Qxe4 Nc6 11.
d3 Nf5 12. Nc4 h5 13. a4 Qd5 14. Bg5 Rd8 15. Bxe7 Kxe7 16. Qf4 Rh6 17. Rad1 Rg6 18. h3 Kf8 19. Rfe1 Nce7 20. Re4 dxc3 21. bxc3 Qc6 22.
Nh4 Nxh4 23. Qxh4 Nf5 24. Qxd8+ 1-0

[Event "Early-Titled-Tuesday-Blitz-April-16-2024"]
[Site "Chess.com"]
[Date "2024.04.16"]
[Round "2"]
[White "SilverSwords13"]
[Black "Felix-Rose"]
[Result "1-0"]
[WhiteElo "2489"]
[BlackElo "2203"]
[TimeControl "180+1"]
[EndTime "8:16:42 PDT"]
[Termination "SilverSwords13 won by checkmate"]

1. e4 e5 2. Nf3 Nc6 3. Bb5 a6 4.
Ba4 Nf6 5. O-O b5 6. Bb3 Bc5 7. d3 d6 8. a4 Rb8 9. axb5 axb5 10. Re1 O-O 11. c3 Bb6 12. Be3 Bg4 13. Nbd2 Ne7 14.
h3 Bxf3 15. Qxf3 Bxe3 16. Qxe3 Ng6 17. Nf1 d5 18. exd5 Nxd5 19. Qf3 Ndf4 20. Re3 c5 21. g3 Nxh3+ 22. Kh2 Ng5 23. Qc6 Rb6 24. Qxc5 Rf6 25. Kg2 Qd7 26. Nd2 Qh3+ 27. Kg1 Nf4 28. gxf4 Qh5 29.
fxg5 Rf4 30. Qxe5 Rh4 31. Bd5 h6 32. gxh6 Qxh6 33. Qe7 Rh2 34. Qxf8+ Kxf8 35. Ra8# 1-0

[Event "Early-Titled-Tuesday-Blitz-April-16-2024"]
[Site "Chess.com"]
[Date "2024.04.16"]
[Round "2"]
[White "Hui_Li_Macau"]
[Black "Nimrod_Veinberg"]
[Result "0-1"]
[WhiteElo "2389"]
[BlackElo "2691"]
[TimeControl "180+1"]
[EndTime "8:16:43 PDT"]
[Termination "Nimrod_Veinberg won by resignation"]

1. e4 e6 2. d4 d5 3. Nd2 c5 4. exd5 Qxd5 5. Ngf3 cxd4 6. Bc4 Qd6 7. O-O Nf6 8. Nb3 Nc6 9. Nbxd4 Nxd4 10. Nxd4 Be7 11. b3 O-O 12. Bb2 a6 13. Re1 b5 14.
Qf3 Rb8 15. Bd3 Bb7 16. Qh3 g6 17. a4 Nd5 18. axb5 Nf4 19. Qh6 Bf6 20. bxa6 Bxg2 21. Be4 Bxe4 22. Rxe4 e5 23. Ne2 Qc6 24. f3 Bg5 25.
Qxg5 Nh3+ 26. Kg2 Nxg5 27. Re3 Qxc2 0-1

[Event "Early-Titled-Tuesday-Blitz-April-16-2024"]
[Site "Chess.com"]
[Date "2024.04.16"]
[Round "2"]
[White "IamSchrodingersCat"]
[Black "Yonousomodulo"]
[Result "0-1"]
[WhiteElo "2637"]
[BlackElo "2433"]
[TimeControl "180+1"]
[EndTime "8:16:44 PDT"]
[Termination "Yonousomodulo won by resignation"]

1. e4 c6 2. Nc3 d5 3. Nf3 Bg4 4. h3 Bxf3 5. Qxf3 e6 6. g3 Nd7 7. Bg2 d4 8. Nb1 Ne5 9. Qh5 Bd6 10. d3 Nf6 11. Qe2 Ned7 12. f4 e5 13. O-O Qc7 14.
Nd2 b5 15. Nf3 c5 16. a4 bxa4 17. Rxa4 Nb6 18. Ra1 Nfd7 19. b3 O-O 20. f5 a5 21.
g4 a4 22. bxa4 Rxa4 23. Rxa4 Nxa4 24. g5 f6 25. h4 Nc3 26. Qf2 Ra8 27. Nh2 c4 28.
Ng4 cxd3 29. cxd3 Ra2 30. Qe1 Ne2+ 31. Kh1 Qc2 32. gxf6 Nxc1 33. Bf3 Nxd3 34. Qb1 Nxf6 35. Nxf6+ gxf6 36. Rg1+ Kf8 37. Qxc2 Rxc2 38. Bd1 Nf2+ 39.
Kg2 Nxd1+ 0-1

[Event "Early-Titled-Tuesday-Blitz-April-16-2024"]
[Site "Chess.com"]
[Date "2024.04.16"]
[Round "2"]
[White "ural58"]
[Black "carloseduar100"]
[Result "0-1"]
[WhiteElo "2479"]
[BlackElo "2236"]
[TimeControl "180+1"]
[EndTime "8:16:44 PDT"]
[Termination "carloseduar100 won by resignation"]

1. e4 e6 2. d4 d5 3. Nc3 Nf6 4. Bg5 Be7 5. e5 Nfd7 6. Bxe7 Qxe7 7. f4 O-O 8. Bd3 c5 9. Nf3 f5 10. exf6 Qxf6 11. g3 cxd4 12. Nxd4 e5 13. Ndb5 exf4 14. O-O Qb6+ 15. Kh1 d4 16. Nxd4 fxg3 17. Bc4+ Kh8 18. Qd3 Nf6 19. hxg3 Nc6 20. Nf3 Qc5 21. a3 Bg4 22. b4 Qh5+ 23. Nh2 Rad8 24. Rxf6 Rxf6 25. Nd5 Rf2 0-1

[Event "Early-Titled-Tuesday-Blitz-April-16-2024"]
[Site "Chess.com"]
[Date "2024.04.16"]
[Round "2"]
[White "colegiodemadrid"]
[Black "Iunusovnuriddin"]
[Result "1-0"]
[WhiteElo "2542"]
[BlackElo "2343"]
[TimeControl "180+1"]
[EndTime "8:16:45 PDT"]
[Termination "colegiodemadrid won by resignation"]

1. Nf3 Nf6 2. c4 g6 3. b3 Bg7 4. Bb2 O-O 5. g3 d6 6. d4 Nc6 7.
d5 Na5 8. Bg2 c5 9. O-O a6 10.
a4 Bd7 11. Nbd2 b5 12. axb5 axb5 13. e4 Qb6 14. Qc2 Rab8 15. Bc3 b4 16. Bb2 e6 17. e5 dxe5 18. Nxe5 exd5 19. Nxd7 Nxd7 20. Bxg7 Kxg7 21. cxd5 Ne5 22. Qb2 f6 23. Qc2 Nb7 24. f4 c4+ 25.
Kh1 cxb3 26. Qxb3 Nc5 27. Qe3 Ng4 28. Qf3 h5 29. Nc4 Qb5 30. Nd6 Qd7 31. Nc4 b3 32.
h3 Nh6 33. Qf2 Rfc8 34. Qb2 Nf5 35. Kh2 Nd3 36. Qc3 Nb4 37. Qxb3 Nxd5 38. Qd3 Nb6 39.
Qxd7+ Nxd7 40. Ra7 Rxc4 41. Rxd7+ Kh6 42. Ra1 Rb2 43.
Raa7 g5 44. fxg5+ fxg5 45. Ra6+ 1-0

[Event "Early-Titled-Tuesday-Blitz-April-16-2024"]
[Site "Chess.com"]
[Date "2024.04.16"]
[Round "2"]
[White "Veleamater"]
[Black "Revan_2002"]
[Result "0-1"]
[WhiteElo "2393"]
[BlackElo "2702"]
[TimeControl "180+1"]
[EndTime "8:16:48 PDT"]
[Termination "Revan_2002 won by resignation"]

1. g3 g6 2. Bg2 Bg7 3. d3 e5 4.
Nf3 Nc6 5. O-O Nge7 6. Nc3 d5 7. e4 O-O 8. Nd2 Be6 9. h3 Qd7 10. Kh2 Rad8 11. f4 dxe4 12. Ndxe4 b6 13. Ng5 exf4 14. Bxf4 Bd5 15. Nxd5 Nxd5 16. c3 Nxf4 17. gxf4 Ne7 18. d4 Nf5 19. Qg4 Ne3 20. Qxd7 Nxf1+ 21. Rxf1 Rxd7 22.
Re1 c5 23. Bc6 Rdd8 24. d5 Bf6 25. Ne4 Kg7 26. Kg3 Be7 27. Kf3 h6 28. a4 a6 29. b3 Bh4 30. Rg1 f5 31. Nd2 b5 32.
axb5 axb5 33. Ra1 Bf6 34. Rc1 Rf7 35. Nf1 Ra7 36. Rc2 Ra3 37. Bxb5 Rxd5 38. Bc4 Rd8 39.
Ne3 Ra7 40. Rg2 Rad7 41. Nxf5+ Kh7 42. Rc2 gxf5 43. Be6 Rd2 44. Bxf5+ Kg7 45. Rc1 Rd1 46. Rc2 R8d2 0-1

[Event "Early-Titled-Tuesday-Blitz-April-16-2024"]
[Site "Chess.com"]
[Date "2024.04.16"]
[Round "2"]
[White "familijatop71"]
[Black "Payyappat"]
[Result "0-1"]
[WhiteElo "2301"]
[BlackElo "2524"]
[TimeControl "180+1"]
[EndTime "8:16:49 PDT"]
[Termination "Payyappat won by checkmate"]

1. e4 c6 2. d4 d5 3. e5 Bf5 4.
Nf3 e6 5. Be2 Ne7 6. O-O Ng6 7.
Ne1 h5 8. c3 Nd7 9. Na3 f6 10.
f4 fxe5 11. fxe5 Qc7 12. Nac2 O-O-O 13. Ne3 Be4 14. Bf3 Ndxe5 15. dxe5 Nxe5 16. Bxe4 dxe4 17. Qa4 Bc5 18. Qxe4 Ng4 19. Nf3 Rhf8 20. h3 Rxf3 21. hxg4 Rxf1+ 22. Kxf1 Qh2 23. Ke2 Qg1 24. Qxe6+ Kc7 25.
Qe5+ Kb6 26. Nc4+ Ka6 27. Be3 Qxg2+ 28. Ke1 Rf8 29. Qxc5 Rf1# 0-1

[Event "Early-Titled-Tuesday-Blitz-April-16-2024"]
[Site "Chess.com"]
[Date "2024.04.16"]
[Round "2"]
[White "HansOnTwitch"]
[Black "Hasangatin_Ramil"]
[Result "1-0"]
[WhiteElo "3144"]
[BlackElo "2650"]
[TimeControl "180+1"]
[EndTime "8:16:51 PDT"]
[Termination "HansOnTwitch won by resignation"]

1. e4 d5 2. exd5 Qxd5 3. Nc3 Qd6 4. d4 Nf6 5. h3 c6 6. Nf3 Bf5 7. Bc4 e6 8. O-O Nbd7 9. Nh4 Bg6 10. Nxg6 hxg6 11.
a4 a5 12. Bb3 Qc7 13. Qe2 Bd6 14. Bg5 O-O 15. g3 Nb6 16. Kg2 Nbd5 17. Ne4 Nxe4 18.
Qxe4 Rfe8 19. Rae1 Be7 20. Bd2 Bf6 21. h4 Rad8 22.
Rh1 Ne7 23. c3 Nf5 24. h5 gxh5 25. Rxh5 g6 26. Rh3 Bg7 27. Reh1 e5 28. Bg5 Rc8 29.
d5 Qb6 30. Qc2 e4 31. g4 Nd6 32. Bh6 Bf6 33. Be3 Qa6 34. dxc6 Qxc6 35. Qd1 Rcd8 36. Bd5 Qd7 37. g5 Be5 38. Bd4 Qf5 39. Rh8+ 1-0

[Event "Early-Titled-Tuesday-Blitz-April-16-2024"]
[Site "Chess.com"]
[Date "2024.04.16"]
[Round "2"]
[White "ferdipy"]
[Black "PedroGil25"]
[Result "0-1"]
[WhiteElo "2260"]
[BlackElo "2506"]
[TimeControl "180+1"]
[EndTime "8:16:51 PDT"]
[Termination "PedroGil25 won on time"]

1. e4 c5 2. d4 cxd4 3. c3 Nf6 4.
e5 Nd5 5. Nf3 e6 6. cxd4 d6 7.
a3 Be7 8. Bd3 b6 9. O-O Bb7 10.
Bd2 O-O 11. Nc3 Nd7 12. Qe2 Nxc3 13. Bxc3 Rc8 14. Rac1 dxe5 15. dxe5 Nc5 16. Bc2 Ba6 17. Qe3 Bxf1 18. Rxf1 Qc7 19. Ng5 Bxg5 20. Qxg5 Rfd8 21. h4 h6 22. Qg3 a5 23. f4 Qc6 24. f5 Ne4 25. Bxe4 Qxe4 26. f6 g6 27. h5 g5 28.
Re1 Qf5 29. Qe3 Rc5 30. b4 Rd3 31. bxc5 Rxe3 32. Rxe3 bxc5 33. Bxa5 g4 34. g3 Qxh5 35. a4 Qf5 36. Be1 Qb1 37. a5 c4 38. Kf1 Qa2 39.
Re4 h5 40. Re3 Kh7 41. Kg1 Kg6 42. Kf1 Kf5 43. Kg1 h4 44. gxh4 Kf4 45. Rc3 Kxe5 46.
Kf1 Kxf6 47. Rg3 Kf5 48. Rg2 Qa1 49. h5 Kg5 0-1

[Event "Early-Titled-Tuesday-Blitz-April-16-2024"]
[Site "Chess.com"]
[Date "2024.04.16"]
[Round "2"]
[White "Smiechu"]
[Black "FREDERICKtheMATE"]
[Result "0-1"]
[WhiteElo "2374"]
[BlackElo "2681"]
[TimeControl "180+1"]
[EndTime "8:16:52 PDT"]
[Termination "FREDERICKtheMATE won by resignation"]

1. e4 e5 2. Nf3 Nc6 3. Bb5 a6 4.
Ba4 Nf6 5. Qe2 b5 6. Bb3 Be7 7. c3 O-O 8. O-O Re8 9. Rd1 d5 10. d3 d4 11. Nbd2 h6 12. Nf1 Bc5 13. a3 a5 14. Ng3 a4 15. Ba2 Be6 16. Bxe6 fxe6 17. Bd2 Nd7 18. Rac1 Bb6 19. cxd4 Nxd4 20. Nxd4 exd4 21.
e5 c5 22. Ne4 Rf8 23. Qg4 Qe7 24. f4 Bc7 25. Rf1 Rf5 26. Ng3 Rf7 27. Nh5 Raf8 28.
Rf3 Bxe5 29. fxe5 Rxf3 30. Qxf3 Rxf3 31. gxf3 Nxe5 32. Kf2 Nxd3+ 0-1

[Event "Early-Titled-Tuesday-Blitz-April-16-2024"]
[Site "Chess.com"]
[Date "2024.04.16"]
[Round "2"]
[White "Jojo_898"]
[Black "klercaku"]
[Result "1-0"]
[WhiteElo "2473"]
[BlackElo "2190"]
[TimeControl "180+1"]
[EndTime "8:16:52 PDT"]
[Termination "Jojo_898 won by resignation"]

1. e4 e5 2. Nf3 Nc6 3. Bc4 Bc5 4. O-O Nf6 5. d3 h6 6. c3 d6 7. b4 Bb6 8. h3 O-O 9. a4 a6 10. Re1 Ne7 11. Be3 Ba7 12. Nbd2 Ng6 13. d4 Qe7 14. Qb3 Nh5 15. Nf1 Nhf4 16. Ng3 Qf6 17. Bxf4 Nxf4 18.
Re3 exd4 19. cxd4 Bxd4 20. Nxd4 Qxd4 21. Rd1 Qe5 22. Rf3 Be6 23. Qc2 Bxc4 24. Qxc4 Ne6 25. Rd5 Qa1+ 26. Kh2 Qxa4 27. Qc3 Qc6 28. Qb2 Qc4 29.
Rdf5 Qd4 30. Qb3 c5 31. Rd5 Qxb4 32. Qa2 Nd4 33. Rf4 Nb5 34. Nh5 Nc3 35. Qa1 f6 36.
Rxd6 Rad8 37. Rxd8 Rxd8 38. Rg4 Rd7 39. Nxf6+ Kf7 40.
Nxd7 Qd4 41. e5 b5 42. Rxd4 cxd4 1-0

[Event "Early-Titled-Tuesday-Blitz-April-16-2024"]
[Site "Chess.com"]
[Date "2024.04.16"]
[Round "2"]
[White "KINGOF2SOAP"]
[Black "rhwr"]
[Result "0-1"]
[WhiteElo "2488"]
[BlackElo "2272"]
[TimeControl "180+1"]
[EndTime "8:16:54 PDT"]
[Termination "rhwr won by checkmate"]

1. e4 c5 2. b3 e6 3. Bb2 d5 4. exd5 exd5 5. Nf3 Nc6 6. Bb5 Bd7 7.
O-O Be7 8. Nc3 Nf6 9. Bxc6 Bxc6 10. Ne5 Qc7 11. Nxc6 Qxc6 12. Re1 d4 13. Ne2 Qc7 14.
h3 O-O 15. Ng3 Rfe8 16. c3 Rad8 17. cxd4 cxd4 18. Rc1 Qa5 19. a4 Bb4 20. Rxe8+ Nxe8 21. Rc2 d3 22. Rc4 Bxd2 23. Ne4 Bh6 24. Nc5 Nd6 25.
Bc3 Qb6 26. a5 Qb5 27. Rd4 Qxc5 28. Bb2 d2 29. b4 Qc7 30. Rg4 Nc4 31. Bf6 Re8 32.
Rxg7+ Bxg7 33. Qg4 Re1# 0-1

[Event "Early-Titled-Tuesday-Blitz-April-16-2024"]
[Site "Chess.com"]
[Date "2024.04.16"]
[Round "2"]
[White "ChEsper99"]
[Black "MathiasWomacka"]
[Result "0-1"]
[WhiteElo "2195"]
[BlackElo "2477"]
[TimeControl "180+1"]
[EndTime "8:16:54 PDT"]
[Termination "MathiasWomacka won by resignation"]

1. e4 c5 2. c3 d5 3. exd5 Qxd5 4.
d4 Nf6 5. Nf3 e6 6. Be3 Nbd7 7.
Bd3 Be7 8. O-O O-O 9. c4 Qd6 10. Nc3 cxd4 11. Nxd4 a6 12. Qc2 Ne5 13. Be2 Neg4 14.
Bxg4 Nxg4 15. Nf3 Nxe3 16. fxe3 Qc5 17. Qe2 b6 18. Rfd1 Bb7 19. Rac1 Rfd8 20. Kh1 Bf6 21. Rd3 Rxd3 22. Qxd3 Rd8 23. Qe2 g6 24. h3 Bg7 25.
b3 Bh6 26. Rd1 Rxd1+ 27. Nxd1 b5 28. Nd4 bxc4 29. Qxc4 Qxc4 30. bxc4 e5 31. Nf3 f6 32.
Kg1 Kf7 33. Kf2 Ke6 34. Nd2 Bf8 35. Ke2 Bxg2 0-1

[Event "Early-Titled-Tuesday-Blitz-April-16-2024"]
[Site "Chess.com"]
[Date "2024.04.16"]
[Round "2"]
[White "El_Matador12"]
[Black "Seochesspie"]
[Result "0-1"]
[WhiteElo "2579"]
[BlackElo "2866"]
[TimeControl "180+1"]
[EndTime "8:16:55 PDT"]
[Termination "Seochesspie won by resignation"]

1. d4 Nf6 2. Bg5 Nc6 3. Bxf6 gxf6 4. e4 d6 5. c3 Bg7 6. Qh5 e5 7. Nf3 Qd7 8. Bc4 Na5 9. Bd3 Qg4 10. Qxg4 Bxg4 11. Nbd2 Nc6 12. h3 Bd7 13. Bb5 a6 14. Bxc6 Bxc6 15. d5 Bd7 16. Nf1 f5 17. exf5 Bxf5 18.
Ng3 Bg6 19. Nh4 Bf6 20. Nhf5 Kd7 21. Ke2 Rag8 22. Rad1 Bxf5 23. Nxf5 Rxg2 24. Rdg1 Rg6 25. Kf3 Rhg8 26. Rg4 h5 27. Rg3 Bg5 28. Rhg1 Bf4 29. Rxg6 fxg6 30. Nh4 g5 31. Nf5 b5 32. Ke4 Rf8 33. f3 c6 34. dxc6+ Kxc6 35. Rd1 d5+ 36. Rxd5 Rxf5 37. a4 Rf6 38. axb5+ axb5 39. b3 Rf8 40. c4 bxc4 41. bxc4 Ra8 0-1

[Event "Early-Titled-Tuesday-Blitz-April-16-2024"]
[Site "Chess.com"]
[Date "2024.04.16"]
[Round "2"]
[White "HanSchut"]
[Black "LeoLV10"]
[Result "1-0"]
[WhiteElo "2313"]
[BlackElo "2505"]
[TimeControl "180+1"]
[EndTime "8:16:55 PDT"]
[Termination "HanSchut won by checkmate"]

1. e4 c6 2. d4 d5 3. e5 Bf5 4. h4 h5 5. Bg5 Qb6 6. Bd3 Bxd3 7. Qxd3 e6 8. Nd2 Nd7 9. c4 Qa6 10. b3 Bb4 11. Nf3 Nh6 12. O-O Nf5 13. Rfc1 O-O 14.
Nf1 Rac8 15. Ne3 Nxe3 16. Qxe3 Ba3 17. Rc2 dxc4 18. bxc4 Nb6 19. Bf6 Rfe8 20. Bxg7 Kxg7 21. Qg5+ Kf8 22. Qf6 Nd7 23. Qh6+ Ke7 24. Qg5+ f6 25. exf6+ Kd8 26. f7+ Re7 27. Ne5 Kc7 28. c5 Rxf7 29. Nxf7 Qd3 30. Qf4+ e5 31. dxe5 Rf8 32. e6+ Kc8 33. Rd2 Qc3 34. exd7# 1-0

[Event "Early-Titled-Tuesday-Blitz-April-16-2024"]
[Site "Chess.com"]
[Date "2024.04.16"]
[Round "2"]
[White "EddieUrquhart"]
[Black "Navyblue1"]
[Result "1-0"]
[WhiteElo "2512"]
[BlackElo "2276"]
[TimeControl "180+1"]
[EndTime "8:16:58 PDT"]
[Termination "EddieUrquhart won by resignation"]

1. e4 c5 2. Nc3 d6 3. d4 cxd4 4. Qxd4 a6 5. b3 Nc6 6. Qd2 g6 7. Bb2 Bg7 8. O-O-O Nf6 9. Kb1 O-O 10. f4 Qa5 11. Nf3 e5 12. h4 exf4 13. Qxf4 Ng4 14. Qd2 h5 15. Ng5 Nce5 16. Nd5 Qxd2 17. Rxd2 Be6 18.
Be2 Bxd5 19. Rxd5 Rad8 20. Rhd1 Rfe8 21. Rxd6 Rxd6 22. Rxd6 f6 23. Ne6 Bf8 24. Nxf8 Kxf8 25. Bf3 Kf7 26. a4 Re7 27. Rd8 Rc7 28. Rh8 b5 29.
Rh7+ 1-0

[Event "Early-Titled-Tuesday-Blitz-April-16-2024"]
[Site "Chess.com"]
[Date "2024.04.16"]
[Round "2"]
[White "yuriydovzik"]
[Black "dvglko"]
[Result "0-1"]
[WhiteElo "2138"]
[BlackElo "2464"]
[TimeControl "180+1"]
[EndTime "8:16:58 PDT"]
[Termination "dvglko won on time"]

1. e4 c5 2. Nf3 d6 3. Bb5+ Nd7 4. O-O a6 5. Bxd7+ Bxd7 6. c4 e5 7. h3 g6 8. Nc3 Ne7 9. a4 Bg7 10. d3 O-O 11. Nd5 Nxd5 12. cxd5 f5 13. Ng5 f4 14. Ne6 Bxe6 15. dxe6 Qe7 16. Qb3 Rae8 17. a5 Qh4 18. f3 Qe7 19. Qd5 Rf6 20. b4 cxb4 21. Rb1 Rxe6 22.
Rxb4 g5 23. Rxb7 Qf6 24. Ba3 h5 25. Rc1 g4 26. Rcc7 Bf8 27. hxg4 hxg4 28. Rh7 Qg6 29. fxg4 Qxg4 30. Bxd6 f3 31. Rhg7+ Bxg7 0-1

[Event "Early-Titled-Tuesday-Blitz-April-16-2024"]
[Site "Chess.com"]
[Date "2024.04.16"]
[Round "2"]
[White "becemix"]
[Black "SoCalJuniorChess"]
[Result "1-0"]
[WhiteElo "2477"]
[BlackElo "2190"]
[TimeControl "180+1"]
[EndTime "8:17:01 PDT"]
[Termination "becemix won by checkmate"]

1. e4 d5 2. exd5 Qxd5 3. Nc3 Qd8 4. Nf3 Nf6 5. d4 Bg4 6. h3 Bxf3 7. Qxf3 c6 8. Be3 e6 9. O-O-O Bb4 10. Ne4 Nd5 11. c3 Be7 12. Bd3 Nd7 13. h4 N7f6 14. h5 h6 15. g4 a5 16. Kb1 a4 17. Nxf6+ Bxf6 18. c4 Nxe3 19. fxe3 a3 20. b3 Qa5 21. Qg2 O-O-O 22.
Qd2 Qa7 23. c5 Rd5 24. Bc4 Rg5 25. Rhg1 Rd8 26. Qf2 Qa5 27. e4 Qc3 28. Rd3 Qb4 29.
e5 Be7 30. Qxf7 Rxd4 31. Rxd4 Qc3 32. Qe8+ Kc7 33. Rd7# 1-0

[Event "Early-Titled-Tuesday-Blitz-April-16-2024"]
[Site "Chess.com"]
[Date "2024.04.16"]
[Round "2"]
[White "FlemingA"]
[Black "DonCiao"]
[Result "1/2-1/2"]
[WhiteElo "2433"]
[BlackElo "2051"]
[TimeControl "180+1"]
[EndTime "8:17:01 PDT"]
[Termination "Game drawn by repetition"]

1. c4 e5 2. e3 Nf6 3. d4 exd4 4. exd4 d5 5. Nc3 Be7 6. Nf3 O-O 7. Be2 dxc4 8. Bxc4 Bg4 9. O-O Nbd7 10. h3 Bxf3 11.
Qxf3 Nb6 12. Bb3 c6 13. Re1 h6 14. Bf4 Bd6 15. Be5 Be7 16. Rad1 Qd7 17. a4 a5 18. d5 cxd5 19. Nxd5 Nbxd5 20. Bxf6 Bxf6 21. Rxd5 Qc6 22. Red1 Rac8 23. Rd7 Qxf3 24. gxf3 Bxb2 25. Rxb7 Rc1 26.
Rxc1 Bxc1 27. Kf1 Bf4 28. Ke2 Rb8 29. Bxf7+ Kf8 30. Rxb8+ Bxb8 31. Bd5 Bd6 32. Kd3 Ke7 33. Ke4 Kf6 34. f4 Bb4 35. f3 Be1 36. f5 Bb4 37. Bc6 Be1 38. Bb7 Bb4 39. Ba8 Bc3 40.
Bb7 Bb4 41. Ba8 Bc3 42. Bd5 Bb4 43. Be6 Bc3 44. Bd7 Bb4 45. Kd3 Be1 46. Be6 Bb4 47. Bd7 Be1 48. Kc4 Bb4 49. Kb5 Be1 50. Kc5 Bb4+ 51.
Kd5 Be1 52. Kd6 Bb4+ 53. Kc7 Be1 54. Kd8 Bb4 55. Ke8 Bc5 56. Kd8 Bb4 57. Kc8 Bc5 58.
Kb7 Bb4 59. Ka6 Be1 60. Kb5 Bb4 61. Kc4 Bd6 62. Kd3 Bb4 63. Ke2 Bc3 64. Kd3 Be1 1/2-1/2

[Event "Early-Titled-Tuesday-Blitz-April-16-2024"]
[Site "Chess.com"]
[Date "2024.04.16"]
[Round "2"]
[White "Aleksandar-Topalov"]
[Black "Bilan_Danila"]
[Result "1/2-1/2"]
[WhiteElo "2330"]
[BlackElo "2526"]
[TimeControl "180+1"]
[EndTime "8:17:03 PDT"]
[Termination "Game drawn by repetition"]

1. b3 d5 2. Bb2 Nf6 3. Nf3 c5 4.
e3 Nc6 5. Bb5 Qb6 6. Qe2 a6 7.
Bxc6+ Qxc6 8. Ne5 Qc7 9. O-O g6 10. f4 Bg7 11. Nc3 O-O 12. d3 b5 13. a4 b4 14. Nd1 a5 15. h3 Ba6 16. Nf2 Nd7 17. Nxd7 Qxd7 18. Bxg7 Kxg7 19. e4 c4 20. dxc4 dxc4 21.
Rfd1 Qc7 22. Qe3 Rad8 23. e5 Bb7 24. Qg3 Rxd1+ 25. Rxd1 cxb3 26. cxb3 Rd8 27. Rxd8 Qxd8 28. f5 Qd5 29. Ng4 h5 30. f6+ exf6 31. Nxf6 Qd1+ 32. Kh2 Qe2 33. Ne8+ Kf8 34. Nd6 Bd5 35. Qg5 Bxb3 36. Qd8+ Kg7 37. Qf6+ Kf8 38. Qd8+ Kg7 39. Qf6+ Kg8 40. Ne8 Kf8 41. Nd6 Kg8 42. Ne8 Kf8 43. Nd6 Kg8 1/2-1/2